| TOP OF THE 1ST |
|
Ogden Raptors batting - Pitching for Philadelphia (APP) Phillies : LHP Phuck II
|
|
Pitching: LHP Phuck II
|
|
|
Batting: SHB Darius Vinson
|
0-0: Foul Ball, location: 2F 0-1: Fly out, F7 (Flyball, 78M, EV 85.0 MPH)
|
|
Batting: LHB Santiago Chavira
|
0-0: Ground out 4-3 (Groundball, 4, EV 108.1 MPH)
|
|
Batting: RHB Junro Kato
|
0-0: Called Strike 0-1: Ball 1-1: Ball 2-1: Ball 3-1: Ground out 4-3 (Groundball, 34, EV 85.6 MPH)
|
| Top of the 1st over - 0 runs, 0 hits, 0 errors, 0 left on base; Ogden 0 - Philadelphia (APP) 0 |
| BOTTOM OF THE 1ST |
|
Philadelphia (APP) Phillies batting - Pitching for Ogden Raptors : RHP Ian Wilson
|
|
Pitching: RHP Ian Wilson
|
|
|
Batting: RHB Mark Schultz
|
0-0: Ball 1-0: Swinging Strike 1-1: SINGLE (Line Drive, 8LS, EV 86.9 MPH)
|
|
Batting: RHB Carlos Morejon
|
0-0: Called Strike 0-1: Fly out, F9 (Flyball, 89M, EV 83.1 MPH)
|
|
Batting: RHB Kyle Reilly
|
0-0: Ball Mark Schultz is caught stealing 2nd base 2-4 1-0: Ball 2-0: Swinging Strike 2-1: Foul Ball, location: 2F 2-2: Foul Ball, location: 2F 2-2: Ball 3-2: Ground out 5-3 (Groundball, 56S, EV 90.0 MPH)
|
| Bottom of the 1st over - 0 runs, 1 hit, 0 errors, 0 left on base; Ogden 0 - Philadelphia (APP) 0 |
| TOP OF THE 2ND |
|
Ogden Raptors batting - Pitching for Philadelphia (APP) Phillies : LHP Phuck II
|
|
Batting: LHB Mike Dickinson
|
0-0: Called Strike 0-1: Ball 1-1: Foul Ball, location: 2F 1-2: Ball 2-2: Ball 3-2: Fly out, F8 (Flyball, 89M, EV 91.3 MPH)
|
|
Batting: LHB Mitchell Casey
|
0-0: Called Strike 0-1: Foul Ball, location: 2F 0-2: Ball 1-2: Ball 2-2: Fly out, F7 (Flyball, 78M, EV 83.1 MPH)
|
|
Batting: LHB Stephen Van Raalte
|
0-0: Ball 1-0: Ball 2-0: Foul Ball, location: 2F 2-1: Swinging Strike 2-2: Foul Ball, location: 2F 2-2: Ball 3-2: Base on Balls
|
|
Batting: RHB Kevin Ezell
|
0-0: Fly out, F8 (Flyball, 8LD, EV 106.9 MPH)
|
| Top of the 2nd over - 0 runs, 0 hits, 0 errors, 1 left on base; Ogden 0 - Philadelphia (APP) 0 |
| BOTTOM OF THE 2ND |
|
Philadelphia (APP) Phillies batting - Pitching for Ogden Raptors : RHP Ian Wilson
|
|
Batting: RHB Seung-mun Kim
|
0-0: Called Strike 0-1: SOLO HOME RUN (Flyball, 9LD, EV 95.0 MPH), Distance : 346 ft
|
|
Batting: RHB Eduardo Calderon
|
0-0: Ball 1-0: Ball 2-0: Ball 3-0: Swinging Strike 3-1: Swinging Strike 3-2: Ground out 6-3 (Groundball, 6, EV 108.8 MPH)
|
|
Pitching: RHP Victor Delgado
|
|
|
Batting: LHB Eric Farren
|
0-0: Called Strike 0-1: Ball 1-1: SINGLE (Groundball, 6S, EV 71.3 MPH) (infield hit)
|
|
Batting: RHB Vaclav Been
|
0-0: Foul Ball, location: 2F 0-1: Foul Ball, location: 2F 0-2: Strikes out swinging
|
|
Batting: LHB Josh George
|
0-0: Fly out, F9 (Flyball, 9LS, EV 73.1 MPH)
|
| Bottom of the 2nd over - 1 run, 2 hits, 0 errors, 1 left on base; Ogden 0 - Philadelphia (APP) 1 |
| TOP OF THE 3RD |
|
Ogden Raptors batting - Pitching for Philadelphia (APP) Phillies : LHP Phuck II
|
|
Batting: RHB Luis Hinostroza
|
0-0: Swinging Strike 0-1: Foul Ball, location: 2F 0-2: Ball 1-2: Ball 2-2: Ball 3-2: SINGLE (Line Drive, 8RM, EV 91.9 MPH)
|
|
Batting: SHB Josh Vaill
|
0-0: Swinging Strike 0-1: Ball 1-1: Ball 2-1: Ball 3-1: Base on Balls Luis Hinostroza to second
|
|
Batting: SHB Darius Vinson
|
0-0: Called Strike 0-1: Ball 1-1: Foul Ball, location: 2F 1-2: SINGLE (Groundball, 34D, EV 109.4 MPH) Luis Hinostroza to third Josh Vaill to second
|
|
Batting: LHB Santiago Chavira
|
0-0: Ball 1-0: Ball 2-0: Foul Ball, location: 2F 2-1: Ball 3-1: Foul Ball, location: 2F 3-2: Base on Balls Luis Hinostroza scores Josh Vaill to third Darius Vinson to second
|
|
Batting: RHB Junro Kato
|
0-0: Ball 1-0: Called Strike 1-1: Ball Wild Pitch! Josh Vaill scores Darius Vinson to third Santiago Chavira to second 2-1: Ground out 4-3 (Groundball, 4M, EV 81.9 MPH) Darius Vinson scores Santiago Chavira to third
|
|
Batting: LHB Mike Dickinson
|
0-0: Ball 1-0: Ball 2-0: SINGLE (Groundball, 4MD, EV 103.8 MPH) Santiago Chavira scores
|
|
Batting: LHB Mitchell Casey
|
0-0: Ball 1-0: SINGLE (Line Drive, 5D, EV 103.8 MPH) Mike Dickinson to second
|
|
Batting: LHB Stephen Van Raalte
|
0-0: Called Strike 0-1: Foul Ball, location: 2F 0-2: Ball 1-2: Foul Ball, location: 2F 1-2: Foul Ball, location: 2F 1-2: Strikes out looking
|
|
Batting: RHB Kevin Ezell
|
0-0: Called Strike 0-1: Foul Ball, location: 2F 0-2: Strikes out looking
|
| Top of the 3rd over - 4 runs, 4 hits, 0 errors, 2 left on base; Ogden 4 - Philadelphia (APP) 1 |
| BOTTOM OF THE 3RD |
|
Philadelphia (APP) Phillies batting - Pitching for Ogden Raptors : RHP Victor Delgado
|
|
Batting: LHB Jesse Haught
|
0-0: Ball 1-0: Ball 2-0: Swinging Strike 2-1: Ball 3-1: Called Strike 3-2: Base on Balls
|
|
Batting: RHB Mark Schultz
|
0-0: Called Strike Jesse Haught steals 2nd base 0-1: Ball 1-1: Foul Ball, location: 2F 1-2: Foul Ball, location: 2F 1-2: Ground out 3-1 (Groundball, 13, EV 79.4 MPH) Jesse Haught to third
|
|
Pitching: RHP Cory Fischer
|
|
|
Batting: RHB Carlos Morejon
|
0-0: Called Strike 0-1: Called Strike 0-2: Ground out 6-3 (Groundball, 6, EV 86.9 MPH) Jesse Haught scores
|
|
Batting: RHB Kyle Reilly
|
0-0: Fly out, F2 (Popup, 3SF, EV 70.0 MPH)
|
| Bottom of the 3rd over - 1 run, 0 hits, 0 errors, 0 left on base; Ogden 4 - Philadelphia (APP) 2 |
| TOP OF THE 4TH |
|
Ogden Raptors batting - Pitching for Philadelphia (APP) Phillies : LHP Phuck II
|
|
Batting: RHB Luis Hinostroza
|
0-0: Foul Ball, location: 2F 0-1: Foul Ball, location: 2F 0-2: Fly out, F8 (Flyball, 8RM, EV 95.0 MPH)
|
|
Batting: SHB Josh Vaill
|
0-0: Ball 1-0: Ball 2-0: Foul Ball, location: 2F 2-1: Ball 3-1: Called Strike 3-2: Ground out 5-3 (Groundball, 56, EV 106.9 MPH)
|
|
Batting: SHB Darius Vinson
|
0-0: Called Strike 0-1: Ball 1-1: Ball 2-1: SINGLE (Groundball, 6D, EV 95.0 MPH)
|
|
Batting: LHB Santiago Chavira
|
0-0: Called Strike 0-1: Ball 1-1: Ball 2-1: Called Strike 2-2: Fly out, F4 (Flyball, 4D, EV 94.4 MPH)
|
| Top of the 4th over - 0 runs, 1 hit, 0 errors, 1 left on base; Ogden 4 - Philadelphia (APP) 2 |
| BOTTOM OF THE 4TH |
|
Philadelphia (APP) Phillies batting - Pitching for Ogden Raptors : RHP Cory Fischer
|
|
Batting: RHB Seung-mun Kim
|
0-0: SINGLE (Groundball, 56D, EV 100.0 MPH)
|
|
Batting: RHB Eduardo Calderon
|
0-0: Called Strike 0-1: Ball 1-1: Foul Ball, location: 2F 1-2: Ball 2-2: Ball 3-2: Strikes out swinging
|
|
Batting: LHB Eric Farren
|
0-0: Ball 1-0: Ball 2-0: Ball 3-0: Base on Balls Seung-mun Kim to second
|
|
Batting: RHB Vaclav Been
|
0-0: Ball 1-0: Foul Ball, location: 2F 1-1: Ball 2-1: Ball 3-1: Base on Balls Seung-mun Kim to third Eric Farren to second
|
|
Pitching: RHP Charles Durand
|
|
|
Batting: LHB Josh George
|
0-0: Reached on error, E6 (Groundball, 4M, EV 82.5 MPH) Seung-mun Kim scores Eric Farren to third Vaclav Been to second
|
|
Batting: LHB Jesse Haught
|
0-0: Ball 1-0: Foul Ball, location: 2F 1-1: Ball 2-1: GRAND SLAM HOME RUN (Flyball, 7D, EV 97.5 MPH), Distance : 359 ft
|
|
Batting: RHB Mark Schultz
|
0-0: Ball 1-0: Ball 2-0: Called Strike 2-1: Ball 3-1: Called Strike 3-2: Base on Balls
|
|
Batting: RHB Carlos Morejon
|
0-0: Called Strike 0-1: Ball Mark Schultz steals 2nd base 1-1: SINGLE (Groundball, 56D, EV 103.8 MPH) Mark Schultz to third Runner from 3rd tries for Home, SAFE, throw by LF to home
|
|
Batting: RHB Kyle Reilly
|
0-0: Swinging Strike 0-1: Ball 1-1: Swinging Strike 1-2: Foul Ball, location: 2F 1-2: Ball 2-2: Foul Ball, location: 2F 2-2: Ball 3-2: Foul Ball, location: 2F 3-2: Base on Balls Carlos Morejon to second
|
|
Pitching: RHP Ramon Luna
|
|
|
Batting: RHB Seung-mun Kim
|
0-0: Ball 1-0: Foul Ball, location: 2F 1-1: Foul Ball, location: 2F 1-2: Hit by Pitch Carlos Morejon to third Kyle Reilly to second
|
|
Batting: RHB Eduardo Calderon
|
0-0: SINGLE (Groundball, 6MD, EV 105.0 MPH) Carlos Morejon scores Kyle Reilly to third Seung-mun Kim to second Runner from 3rd tries for Home, throw by CF and OUT! 8-2
|
|
Batting: LHB Eric Farren
|
0-0: Fly out, F8 (Flyball, 8LD, EV 104.4 MPH)
|
| Bottom of the 4th over - 7 runs, 4 hits, 1 error, 2 left on base; Ogden 4 - Philadelphia (APP) 9 |
| TOP OF THE 5TH |
|
Ogden Raptors batting - Pitching for Philadelphia (APP) Phillies : LHP Phuck II
|
|
Batting: RHB Junro Kato
|
0-0: Foul Ball, location: 2F 0-1: Fly out, F9 (Line Drive, 9S, EV 101.9 MPH)
|
|
Batting: LHB Mike Dickinson
|
0-0: Ball 1-0: Called Strike 1-1: Foul Ball, location: 2F 1-2: Fly out, F7 (Flyball, 78M, EV 88.1 MPH)
|
|
Batting: LHB Mitchell Casey
|
0-0: Foul Ball, location: 2F 0-1: Ball 1-1: Called Strike 1-2: Ball 2-2: Foul Ball, location: 2F 2-2: Foul Ball, location: 2F 2-2: Ball 3-2: Base on Balls
|
|
Batting: LHB Stephen Van Raalte
|
0-0: Ball 1-0: Called Strike 1-1: Foul Ball, location: 2F 1-2: Foul Ball, location: 2F 1-2: Fly out, F4 (Line Drive, 4, EV 69.4 MPH)
|
| Top of the 5th over - 0 runs, 0 hits, 0 errors, 1 left on base; Ogden 4 - Philadelphia (APP) 9 |
| BOTTOM OF THE 5TH |
|
Philadelphia (APP) Phillies batting - Pitching for Ogden Raptors : RHP Ramon Luna
|
|
Batting: RHB Vaclav Been
|
0-0: Ball 1-0: Ball 2-0: Foul Ball, location: 2F 2-1: Fly out, F9 (Flyball, 9, EV 80.0 MPH)
|
|
Batting: LHB Josh George
|
0-0: Ball 1-0: Ball 2-0: Foul Ball, location: 2F 2-1: Ball 3-1: Base on Balls
|
|
Batting: LHB Jesse Haught
|
0-0: Ball 1-0: Ball 2-0: Ball 3-0: Called Strike 3-1: Foul Ball, location: 2F 3-2: Base on Balls Josh George to second
|
|
Pitching: RHP Justin Donovan
|
|
|
Batting: RHB Mark Schultz
|
0-0: Called Strike 0-1: Called Strike 0-2: Ball 1-2: Ball 2-2: Foul Ball, location: 2F 2-2: SINGLE (Groundball, 56, EV 95.0 MPH) Josh George to third Jesse Haught to second Runner from 3rd tries for Home, throw by LF and OUT! 7-2
|
|
Batting: RHB Carlos Morejon
|
0-0: Ball 1-0: Ball 2-0: Ball 3-0: Base on Balls Jesse Haught to third Mark Schultz to second
|
|
Batting: RHB Kyle Reilly
|
0-0: Ball 1-0: Ball 2-0: Called Strike 2-1: Ball Passed Ball! Jesse Haught scores Mark Schultz to third Carlos Morejon to second 3-1: Called Strike 3-2: Base on Balls
|
|
Batting: RHB Seung-mun Kim
|
0-0: Ball 1-0: Ball 2-0: Ball 3-0: Base on Balls Mark Schultz scores Carlos Morejon to third Kyle Reilly to second
|
|
Batting: RHB Eduardo Calderon
|
0-0: Ball 1-0: Ball 2-0: Foul Ball, location: 2F 2-1: SINGLE (Groundball, 4MD, EV 106.3 MPH) Carlos Morejon scores Kyle Reilly to third Seung-mun Kim to second
|
|
Batting: LHB Eric Farren
|
0-0: Swinging Strike 0-1: Ball 1-1: Ball 2-1: Called Strike 2-2: Ball 3-2: Strikes out swinging
|
| Bottom of the 5th over - 3 runs, 2 hits, 0 errors, 3 left on base; Ogden 4 - Philadelphia (APP) 12 |
| TOP OF THE 6TH |
|
Ogden Raptors batting - Pitching for Philadelphia (APP) Phillies : LHP Phuck II
|
|
Batting: RHB Kevin Ezell
|
0-0: Foul Ball, location: 2F 0-1: Called Strike 0-2: Foul Ball, location: 2F 0-2: Ball 1-2: Fly out, F9 (Flyball, 9, EV 79.4 MPH)
|
|
Batting: RHB Luis Hinostroza
|
0-0: Ball 1-0: Called Strike 1-1: Foul Ball, location: 2F 1-2: Ball 2-2: Ball 3-2: Base on Balls
|
|
Pitching: RHP Danny Zuniga
|
|
|
Batting: SHB Josh Vaill
|
0-0: Ball 1-0: Ball 2-0: Called Strike 2-1: Called Strike 2-2: Foul Ball, location: 2F 2-2: Foul Ball, location: 2F 2-2: Strikes out looking
|
|
Batting: SHB Darius Vinson
|
0-0: Swinging Strike 0-1: Foul Ball, location: 2F 0-2: Ball 1-2: Foul Ball, location: 2F 1-2: Ball 2-2: Fly out, F7 (Flyball, 7LM, EV 104.4 MPH)
|
| Top of the 6th over - 0 runs, 0 hits, 0 errors, 1 left on base; Ogden 4 - Philadelphia (APP) 12 |
| BOTTOM OF THE 6TH |
|
Philadelphia (APP) Phillies batting - Pitching for Ogden Raptors : RHP Justin Donovan
|
|
Batting: RHB Vaclav Been
|
0-0: Ball 1-0: Foul Ball, location: 2F 1-1: Swinging Strike 1-2: Ball 2-2: Ball 3-2: Foul Ball, location: 2F 3-2: Base on Balls
|
|
Batting: LHB Josh George
|
0-0: Called Strike 0-1: Ball 1-1: Foul Ball, location: 2F 1-2: Strikes out swinging
|
|
Batting: LHB Jesse Haught
|
0-0: Called Strike 0-1: Foul Ball, location: 2F 0-2: Ball 1-2: Ball 2-2: Strikes out swinging
|
|
Batting: RHB Mark Schultz
|
0-0: Called Strike 0-1: Swinging Strike 0-2: Ball 1-2: Ball 2-2: Foul Ball, location: 2F 2-2: Strikes out swinging
|
| Bottom of the 6th over - 0 runs, 0 hits, 0 errors, 1 left on base; Ogden 4 - Philadelphia (APP) 12 |
| TOP OF THE 7TH |
|
Ogden Raptors batting - Pitching for Philadelphia (APP) Phillies : RHP Danny Zuniga
|
|
Batting: LHB Santiago Chavira
|
0-0: Swinging Strike 0-1: Ball 1-1: Foul Ball, location: 2F 1-2: Ball 2-2: Strikes out swinging
|
|
Batting: RHB Junro Kato
|
0-0: Ball 1-0: DOUBLE (Groundball, 5L, EV 103.8 MPH)
|
|
Batting: LHB Tore Bosch
|
0-0: Foul Ball, location: 2F 0-1: Ball 1-1: Ball 2-1: Swinging Strike 2-2: Strikes out swinging
|
|
Batting: LHB Mitchell Casey
|
0-0: Ball 1-0: Fly out, F2 (Popup, 2LF, EV 95.6 MPH)
|
| Top of the 7th over - 0 runs, 1 hit, 0 errors, 1 left on base; Ogden 4 - Philadelphia (APP) 12 |
| BOTTOM OF THE 7TH |
|
Philadelphia (APP) Phillies batting - Pitching for Ogden Raptors : RHP Justin Donovan
|
|
Batting: RHB Carlos Morejon
|
0-0: SOLO HOME RUN (Flyball, 78XD, EV 108.1 MPH), Distance : 406 ft
|
|
Batting: RHB Kyle Reilly
|
0-0: Ground out 6-3 (Groundball, 6, EV 86.9 MPH)
|
|
Batting: RHB Seung-mun Kim
|
0-0: Ball 1-0: Foul Ball, location: 2F 1-1: Swinging Strike 1-2: Foul Ball, location: 2F 1-2: Ball 2-2: Ball 3-2: SINGLE (Line Drive, 78M, EV 87.5 MPH)
|
|
Pitching: RHP Gary Ming
|
|
|
Batting: RHB Eduardo Calderon
|
0-0: Called Strike 0-1: Ball 1-1: Fly out, F7 (Flyball, 7D, EV 108.1 MPH)
|
|
Batting: LHB Eric Farren
|
0-0: Ball 1-0: Fly out, F8 (Flyball, 8RM, EV 78.1 MPH)
|
| Bottom of the 7th over - 1 run, 2 hits, 0 errors, 1 left on base; Ogden 4 - Philadelphia (APP) 13 |
| TOP OF THE 8TH |
|
Ogden Raptors batting - Pitching for Philadelphia (APP) Phillies : RHP Danny Zuniga
|
|
Pitching: RHP Tony Trevino
|
|
|
Batting: LHB Stephen Van Raalte
|
0-0: Foul Ball, location: 2F 0-1: Swinging Strike 0-2: Strikes out swinging
|
|
Batting: RHB Kevin Ezell
|
0-0: Ball 1-0: Foul Ball, location: 2F 1-1: Swinging Strike 1-2: Fly out, F9 (Flyball, 89XD, EV 108.8 MPH)
|
|
Batting: RHB Luis Hinostroza
|
0-0: Ball 1-0: Ball 2-0: Swinging Strike 2-1: Foul Ball, location: 2F 2-2: Foul Ball, location: 2F 2-2: Strikes out swinging
|
| Top of the 8th over - 0 runs, 0 hits, 0 errors, 0 left on base; Ogden 4 - Philadelphia (APP) 13 |
| BOTTOM OF THE 8TH |
|
Philadelphia (APP) Phillies batting - Pitching for Ogden Raptors : RHP Gary Ming
|
|
Batting: RHB Vaclav Been
|
0-0: Ball 1-0: Swinging Strike 1-1: Called Strike 1-2: DOUBLE (Flyball, 8RXD, EV 101.3 MPH)
|
|
Batting: LHB Josh George
|
0-0: Foul Ball, location: 2F 0-1: Ball 1-1: Ball 2-1: Foul Ball, location: 2F 2-2: Foul Ball, location: 2F 2-2: Ball 3-2: Base on Balls
|
|
Batting: LHB Jesse Haught
|
0-0: Ball 1-0: Ball 2-0: Called Strike 2-1: 3-RUN HOME RUN (Flyball, 9D, EV 96.3 MPH), Distance : 361 ft
|
|
Batting: RHB Mark Schultz
|
0-0: Ball 1-0: Ball 2-0: Called Strike 2-1: SINGLE (Groundball, 4MD, EV 105.6 MPH)
|
|
Batting: RHB Carlos Morejon
|
0-0: Called Strike 0-1: Ball Passed Ball! Mark Schultz to second 1-1: Swinging Strike 1-2: Ground out 5-3 (Groundball, 56, EV 100.6 MPH)
|
|
Batting: RHB Kyle Reilly
|
0-0: Swinging Strike Passed Ball! Mark Schultz to third 0-1: Called Strike 0-2: Ball 1-2: Ball 2-2: Ground out U3 (Groundball, 34, EV 102.5 MPH) Mark Schultz scores
|
|
Batting: RHB Seung-mun Kim
|
0-0: Ball 1-0: Ball 2-0: Ball 3-0: Base on Balls
|
|
Batting: RHB Eduardo Calderon
|
0-0: Foul Ball, location: 2F 0-1: Fly out, F7 (Flyball, 7LS, EV 81.9 MPH)
|
| Bottom of the 8th over - 4 runs, 3 hits, 0 errors, 1 left on base; Ogden 4 - Philadelphia (APP) 17 |
| TOP OF THE 9TH |
|
Ogden Raptors batting - Pitching for Philadelphia (APP) Phillies : RHP Tony Trevino
|
|
Batting: SHB Josh Vaill
|
0-0: Called Strike 0-1: Ball 1-1: Ball 2-1: Ball 3-1: Base on Balls
|
|
Pitching: RHP Georgs Felitti
|
|
|
Batting: SHB Darius Vinson
|
0-0: Ball 1-0: Called Strike 1-1: Swinging Strike 1-2: Ball 2-2: Foul Ball, location: 2F 2-2: Strikes out swinging
|
|
Batting: LHB Santiago Chavira
|
0-0: Ball 1-0: Grounds into double play, 6-4-3 (Groundball, 6, EV 105.6 MPH)
|
| Top of the 9th over - 0 runs, 0 hits, 0 errors, 0 left on base; Ogden 4 - Philadelphia (APP) 17 |
|